Map: 2000 Atmospheres LE

Players

HeroMarine

  • Race: Terran Terran

Lambo - Winner!

  • Race: Zerg Zerg

Event: DreamHack SC2 Masters 2021 Winter

VOD

Have the link to the VOD?

Description

Time

  • Played on: Oct. 8, 2021, 11:21 a.m.
  • Length: 17:08

All games in this series

Show
View Real Time Build Order
Export as new Build Order

HeroMarine Terran 

Build Orders: Liberator Opening, Reaper Expand 

Get SALT Encoding   

  12  0:00  SCV  
  13  0:12  SCV  
  14  0:17  Supply Depot  
  14  0:24  SCV  
  15  0:38  SCV  
  15  0:40  Barracks  
  16  0:44  Refinery  
  16  0:50  SCV  
  17  1:02  SCV  
  18  1:14  SCV  
  19  1:27  Reaper, Orbital Command  
  20  1:39  Command Center  
  20  1:48  Supply Depot  
  20  1:53  SCV  
  21  1:59  Marine  
  22  2:05  SCV  
  22  2:08  Factory  
  23  2:17  SCV, Refinery  
  23  2:21  Barracks Reactor  
  24  2:29  SCV  
  25  2:41  SCV  
  26  2:52  Orbital Command  
  26  2:53  Starport, SCV  
  27  3:01  Hellion  
  27  3:02  Hellion  
  27  3:04  Marine  
  32  3:05  SCV  
  33  3:18  SCV x2  
  35  3:23  Supply Depot, Hellion x2  
  39  3:29  Viking  
  39  3:30  SCV  
  39  3:31  SCV  
  43  3:42  SCV  
  43  3:43  SCV  
  43  3:45  Hellion x2, Supply Depot  
  49  3:54  SCV  
  50  3:55  SCV  
  50  3:57  Barracks Tech Lab  
  50  3:59  Liberator  
  54  4:07  SCV x2  
  56  4:12  Hellion x2  
  56  4:15  Supply Depot  
  60  4:19  SCV  
  60  4:20  SCV  
  60  4:21  Stimpack  
  62  4:31  Command Center  
  62  4:37  SCV x2  
  64  4:43  Starport Reactor  
  64  4:46  Barracks  
  64  4:48  Factory Tech Lab  
  64  4:49  SCV x2, Marine, Barracks  
  67  4:54  Supply Depot  
  67  5:01  SCV x2, Engineering Bay  
  67  5:02  Engineering Bay  
  69  5:07  Marine  
  69  5:14  Refinery x2  
  70  5:16  SCV x2, Siege Tank  
  75  5:25  Marine  
  75  5:27  Terran Infantry Weapons Level 1, Terran Infantry Armor Level 1  
  75  5:28  SCV x2  
  78  5:38  Starport Reactor  
  78  5:42  SCV x2, Marine x2  
  81  5:44  Orbital Command  
  81  5:45  Marine x2  
  84  5:51  Marine  
  84  5:54  SCV x2  
  84  5:55  Siege Tank  
  90  6:00  Marine x2  
  90  6:03  Marine  
  93  6:07  Orbital Command  
  93  6:09  Supply Depot x2, SCV x2, Marine  
  93  6:11  Marine  
  97  6:18  Marine x2  
  99  6:21  SCV, Marine  
  101  6:30  Marine x2  
  101  6:31  SCV  
  104  6:33  SCV, Medivac  
  104  6:34  Medivac, Siege Tank  
  104  6:36  Marine  
  114  6:40  SCV  
  114  6:43  SCV  
  114  6:45  SCV  
  114  6:46  Supply Depot, Combat Shield  
  116  6:51  Marine  
  116  6:53  Armory  
  117  7:05  Supply Depot  
  117  7:07  Supply Depot, Medivac, SCV x2, Marine x4  
  125  7:22  Barracks  
  125  7:24  Barracks  
  125  7:26  SCV, Marine x3  
  125  7:27  Medivac, Siege Tank, Marine x2  
  130  7:31  SCV x2  
  124  7:38  SCV  
  124  7:43  Marine x2  
  124  7:44  Command Center, Marine x3  
  127  7:46  Medivac, Refinery  
  129  7:57  Medivac  
  129  7:58  Supply Depot, Factory  
  130  8:00  Supply Depot  
  130  8:01  Marine x3  
  130  8:02  Marine x2  
  130  8:03  Widow Mine, Drilling Claws  
  137  8:07  Terran Infantry Weapons Level 2  
  137  8:12  Supply Depot  
  137  8:14  Terran Infantry Armor Level 2  
  137  8:18  Marine x2  
  137  8:19  Marine x3  
  140  8:20  Marine x2  
  138  8:30  Barracks  
  138  8:31  SCV x2, Barracks  
  138  8:32  SCV, Barracks  
  143  8:35  Supply Depot  
  143  8:37  Barracks Reactor, Reaper, Marine x2  
  143  8:38  Barracks Reactor, Marine  
  143  8:39  Marine  
  148  8:41  Supply Depot  
  148  8:43  SCV  
  148  8:44  SCV x2  
  148  8:46  Siege Tank  
  148  8:47  Factory Tech Lab  
  151  8:54  Refinery  
  151  8:55  Marine x2  
  153  8:56  Marine x2  
  153  8:58  Supply Depot  
  153  9:00  SCV x3  
  158  9:03  Medivac  
  158  9:08  Medivac  
  158  9:09  Siege Tank, Marine  
  161  9:12  SCV  
  161  9:13  Marine x2  
  161  9:14  Marine x2  
  161  9:16  SCV  
  161  9:17  SCV  
  168  9:19  Siege Tank, Terran Vehicle And Ship Armor Level 1  
  168  9:20  Barracks Tech Lab x2  
  168  9:21  Barracks Tech Lab  
  168  9:22  Marine  
  172  9:27  Marine  
  172  9:29  Refinery  
  172  9:30  Refinery  
  173  9:33  Planetary Fortress  
  173  9:34  SCV  
  173  9:35  SCV x2  
  176  9:39  Sensor Tower  
  176  9:40  Marauder  
  176  9:41  Marauder  
  176  9:44  Marauder, Marine x2  
  176  9:45  Marine x3  
  185  9:47  Marine  
  185  9:50  Marauder  
  188  10:00  Marine  
  188  10:01  Marauder, Marine  
  188  10:02  Siege Tank x2, Marine  
  199  10:12  Marauder, Marine  
  200  10:21  Marauder x2  
  192  10:26  Medivac x2  
  185  10:29  Terran Infantry Weapons Level 3  
  185  10:32  Marauder  
  185  10:33  Marauder, Command Center, Marine  
  185  10:34  Marine x2  
  192  10:38  Siege Tank, Marine x2  
  192  10:42  Marauder  
  199  10:44  Marine  
  199  10:51  Marauder  
  199  10:53  Marine, Terran Infantry Armor Level 3  
  199  10:54  Marine  
  199  11:04  Marauder, Marine x2  
  194  11:05  Siege Tank  
  194  11:09  Factory  
  194  11:10  Ghost Academy  
  199  11:14  Concussive Shells  
  199  11:25  Terran Vehicle And Ship Armor Level 2  
  199  11:39  Marauder  
  188  11:43  Marauder  
  188  11:45  Marine  
  188  11:46  Marauder x2, Siege Tank x2  
  185  11:47  Marine x3  
  185  11:48  Marine  
  185  11:52  Marine x2  
  179  11:59  Marine  
  179  12:00  Marauder  
  171  12:03  Marine  
  171  12:04  Marine  
  171  12:05  Marauder, Marine x2  
  171  12:07  Marauder x2  
  171  12:08  Medivac x2  
  158  12:10  Marine x3  
  154  12:17  Marine  
  154  12:18  Siege Tank x2  
  154  12:21  Marine  
  154  12:22  Marauder, Marine  
  149  12:23  Marine x2  
  149  12:26  Marauder  
  149  12:27  Orbital Command  
  149  12:28  Marine x3  
  149  12:29  Marauder x2  
  153  12:35  Marine  
  154  12:38  Marine  
  154  12:39  Medivac  
  154  12:40  Medivac, Marine  
  154  12:41  Missile Turret, Factory Tech Lab, Marine x2  
  154  12:43  Marauder  
  164  12:46  Marine x3  
  164  12:47  Sensor Tower, Marine  
  164  12:48  Missile Turret  
  164  12:49  Marine  
  164  12:50  Siege Tank x2, Marine  
  176  12:53  Marine  
  176  12:56  Marine  
  176  12:58  Marine x2  
  178  13:00  Marine  
  178  13:04  Marauder, Sensor Tower  
  178  13:05  Marauder  
  185  13:08  Marauder x2  
  185  13:09  Medivac  
  185  13:10  Medivac  
  193  13:14  Marine x3  
  193  13:16  Marine  
  193  13:17  Marine x3  
  194  13:23  Marine  
  194  13:26  Marauder  
  194  13:27  Marauder  
  195  13:29  Marauder x2  
  195  13:32  Marine x3  
  196  13:35  Siege Tank  
  199  13:46  Liberator x2, Siege Tank x2  
  199  13:47  Marauder  
  199  13:48  Marauder  
  190  13:51  Marauder, Marine x2  
  190  13:54  Marine x2  
  181  13:55  Marine  
  181  13:58  Marauder, Marine x2  
  181  14:00  Marine  
  179  14:07  Siege Tank  
  179  14:09  Marauder, Marine x3  
  185  14:15  Marine x2  
  185  14:16  Marine  
  188  14:18  Siege Tank x2  
  188  14:19  Marine x2  
  196  14:24  Marine  
  196  14:28  Marine  
  196  14:29  Liberator  
  200  14:38  Liberator  
  175  14:39  Siege Tank  
  175  14:40  Marauder  
  175  14:43  Marine x2  
  167  14:49  Marauder x2, Marine x4  
  167  14:50  Siege Tank  
  178  14:55  Marauder  
  173  15:01  Marauder  
  173  15:02  Marine x2  
  173  15:03  Marine  
  173  15:04  Siege Tank  
  179  15:10  Marauder x2  
  179  15:12  Liberator, Marine x2  
  181  15:16  Marauder  
  181  15:17  Marine  
  181  15:21  Liberator, Marine  
  171  15:23  Marauder  
  171  15:24  Marine x2  
  178  15:31  Marauder, Marine x2  
  178  15:33  Siege Tank  
  182  15:36  Siege Tank  
  182  15:40  Siege Tank  
  188  15:45  Marauder  
  188  15:46  Marine x2  
  172  15:55  Liberator  
  163  16:05  Siege Tank  
  163  16:06  Medivac  
  164  16:11  Ghost x3  
  164  16:16  Ghost, Orbital Command  
  166  16:33  Siege Tank  
  166  16:36  Medivac  
Show
View Real Time Build Order
Export as new Build Order

Lambo Zerg - Winner!

Build Orders: Hatch First, Lurkers 

Get SALT Encoding   

  12  0:00  Drone  
  13  0:12  Overlord  
  13  0:17  Drone  
  14  0:30  Drone x2  
  16  0:47  Hatchery  
  15  0:50  Drone  
  15  0:54  Drone  
  17  0:57  Drone  
  18  1:09  Extractor  
  17  1:12  Spawning Pool  
  17  1:15  Drone  
  17  1:18  Drone  
  18  1:28  Drone  
  19  1:39  Drone  
  20  1:50  Overlord  
  20  1:59  Queen x2  
  20  2:00  Zergling x4  
  26  2:11  Drone x2  
  26  2:13  Metabolic Boost  
  28  2:24  Drone x2  
  30  2:32  Drone  
  30  2:35  Drone  
  31  2:39  Hatchery  
  31  2:43  Drone  
  31  2:46  Overlord  
  31  2:53  Queen  
  31  2:57  Drone  
  34  2:58  Drone  
  34  3:03  Pneumatized Carapace  
  35  3:09  Overlord  
  35  3:15  Drone x2  
  35  3:16  Zergling x2  
  40  3:20  Drone x2  
  40  3:28  Drone  
  40  3:29  Drone, Queen  
  44  3:41  Drone  
  44  3:42  Drone  
  44  3:45  Queen  
  48  3:49  Drone x3  
  48  3:51  Queen  
  53  3:57  Drone x3  
  53  4:00  Overlord  
  53  4:02  Drone x2  
  58  4:07  Overlord  
  58  4:09  Overlord  
  58  4:12  Baneling Nest  
  58  4:14  Overlord  
  58  4:16  Overlord  
  57  4:19  Overlord  
  57  4:22  Zergling x2  
  58  4:28  Queen  
  58  4:29  Zergling x6  
  58  4:30  Zergling x2  
  64  4:33  Drone x3, Zergling x2  
  68  4:42  Spore Crawler  
  68  4:43  Drone x3, Spore Crawler  
  68  4:45  Drone x2, Spore Crawler  
  70  4:49  Drone x2  
  70  4:51  Drone x2  
  74  4:55  Lair  
  74  4:58  Extractor  
  74  4:59  Drone x3  
  76  5:02  Zergling x4  
  78  5:09  Drone x5  
  78  5:11  Baneling x2  
  78  5:12  Drone x2  
  78  5:13  Drone  
  86  5:14  Drone  
  86  5:17  Drone, Extractor  
  87  5:23  Drone  
  87  5:24  Drone  
  87  5:27  Drone  
  90  5:30  Extractor  
  90  5:31  Extractor  
  87  5:36  Drone x3  
  87  5:40  Drone  
  90  5:46  Overlord  
  90  5:47  Hatchery  
  89  5:50  Evolution Chamber  
  89  5:51  Evolution Chamber  
  89  5:55  Drone x5  
  88  5:58  Drone  
  89  6:05  Centrifugal Hooks  
  89  6:07  Zergling x2  
  89  6:08  Zergling x14  
  97  6:11  Overlord  
  97  6:16  Overlord  
  97  6:18  Overlord  
  97  6:19  Overlord  
  97  6:22  Overlord  
  97  6:24  Zerg Ground Armor Level 1, Zerg Melee Weapons Level 1  
  97  6:26  Overlord  
  97  6:28  Overlord  
  97  6:31  Drone x4  
  101  6:37  Drone  
  101  6:38  Hydralisk Den  
  101  6:40  Extractor  
  101  6:41  Baneling x6  
  101  6:47  Zergling x12  
  101  6:48  Baneling x4  
  106  6:55  Overseer  
  106  6:56  Drone x5  
  106  6:59  Zergling x8  
  106  7:00  Zergling x2  
  116  7:01  Baneling x4  
  116  7:09  Zergling x6, Muscular Augments  
  116  7:12  Zergling x2  
  120  7:17  Zergling x4  
  120  7:20  Baneling x2  
  120  7:22  Zergling x4  
  124  7:23  Baneling  
  124  7:24  Zergling x2  
  120  7:32  Zergling x2  
  108  7:38  Drone x11  
  116  7:44  Zergling x6  
  116  7:47  Drone  
  120  7:55  Drone x6  
  120  7:58  Extractor  
  124  8:00  Hydralisk x7  
  138  8:08  Zergling x12  
  146  8:12  Extractor  
  146  8:16  Burrow  
  140  8:20  Drone x4, Grooved Spines  
  140  8:23  Spore Crawler  
  140  8:25  Overlord  
  143  8:29  Drone  
  143  8:30  Drone x2, Infestation Pit  
  143  8:32  Drone  
  146  8:35  Zergling x20  
  146  8:39  Hatchery  
  154  8:42  Zergling x6  
  154  8:45  Baneling x7  
  154  8:48  Zergling x8  
  159  8:54  Zerg Melee Weapons Level 2, Zerg Ground Armor Level 2  
  159  8:59  Hydralisk x4  
  159  9:00  Overlord  
  167  9:04  Overlord  
  167  9:07  Hatchery, Overlord  
  165  9:12  Hive  
  165  9:14  Queen, Lurker Den  
  166  9:17  Overlord  
  166  9:18  Overlord  
  166  9:20  Hydralisk x3  
  166  9:22  Zergling x10  
  177  9:25  Overseer  
  177  9:37  Hydralisk x2  
  177  9:38  Zergling x18  
  190  9:55  Zergling x2  
  190  9:56  Zergling x18  
  199  10:02  Baneling x8  
  199  10:08  Extractor x2  
  185  10:22  Hydralisk x3  
  185  10:24  Zergling x2  
  185  10:25  Zergling x18  
  185  10:27  Zergling x18  
  188  10:30  Seismic Spines  
  188  10:38  Drone  
  188  10:39  Drone x5  
  194  10:46  Spore Crawler  
  194  10:48  Spore Crawler  
  194  10:49  Zergling x14  
  199  10:54  Lurker x2  
  198  10:57  Baneling x6  
  198  11:01  Zergling x2  
  198  11:02  Zergling x12  
  196  11:06  Lurker  
  196  11:07  Lurker x3  
  200  11:27  Adaptive Talons  
  200  11:28  Spore Crawler  
  200  11:29  Zerg Ground Armor Level 3  
  200  11:30  Zerg Missile Weapons Level 1  
  192  11:35  Hatchery  
  192  11:36  Zergling x2  
  192  11:37  Zergling x30  
  192  11:39  Zergling x2  
  199  11:40  Zergling x16  
  199  11:45  Zergling x2  
  199  11:46  Zergling x4  
  192  11:48  Zergling x14  
  192  11:49  Lurker  
  192  11:52  Zergling x4  
  194  12:01  Zergling x18  
  179  12:08  Zergling x2  
  175  12:13  Zergling x8  
  161  12:28  Zergling x12  
  151  12:31  Zergling x8  
  151  12:36  Hatchery  
  145  12:40  Hydralisk x2  
  145  12:41  Hydralisk x2  
  153  12:48  Viper  
  153  12:51  Viper x2  
  156  12:53  Hydralisk x5, Lurker x3  
  156  12:56  Hatchery  
  174  12:58  Baneling x9  
  174  12:59  Overseer  
  174  13:00  Hydralisk x4  
  182  13:09  Lurker x3  
  182  13:10  Lurker  
  182  13:11  Baneling x2  
  186  13:17  Hydralisk x3  
  191  13:23  Lurker  
  191  13:24  Lurker x4  
  188  13:27  Zergling x26  
  188  13:31  Zergling x2  
  188  13:32  Zergling x4  
  199  13:35  Zerg Missile Weapons Level 2  
  194  13:42  Zergling x12  
  194  13:45  Zergling x14  
  194  13:48  Zergling x6  
  195  13:50  Zergling x12  
  195  13:52  Hydralisk  
  187  13:56  Lurker x2  
  187  13:57  Lurker  
  187  14:00  Hydralisk x4  
  196  14:08  Hydralisk x3  
  186  14:11  Overseer x2  
  186  14:12  Zerg Melee Weapons Level 3  
  186  14:17  Baneling x7  
  186  14:18  Lurker  
  186  14:19  Hydralisk, Zergling x4  
  191  14:26  Zergling x2  
  191  14:27  Zergling x12  
  195  14:33  Hydralisk  
  195  14:35  Zergling x16  
  195  14:37  Hydralisk  
  191  14:39  Hydralisk  
  191  14:42  Hydralisk  
  191  14:43  Hydralisk  
  180  14:46  Lurker x2  
  182  14:53  Hydralisk x4  
  182  14:59  Drone x3  
  188  15:00  Hydralisk x2  
  188  15:03  Hydralisk  
  194  15:08  Lurker  
  194  15:09  Lurker  
  194  15:12  Hydralisk x3  
  193  15:15  Hydralisk x2  
  193  15:17  Hydralisk  
  193  15:21  Hydralisk x2  
  178  15:23  Hydralisk  
  178  15:26  Hydralisk x2  
  186  15:28  Drone  
  187  15:38  Hydralisk x5  
  197  15:46  Hydralisk x4  
  197  15:48  Hydralisk  
  195  15:56  Hydralisk x4  
  197  16:06  Lurker x2  
  197  16:43  Zergling x14  
  198  16:49  Lurker  
  198  16:50  Lurker x2  

Tags
 
Add a new tag
Caveats
  • Supply blocks, unpowered buildings, or Contaminate may cause inaccurate times.
  • Supply counts are checked every 10 seconds.